 Dungeon Crawl Stone Soup version 0.26-a0-1033-gd598b01645 (webtiles) character file.

Game seed: 5333837195729871720

56 timneilson the Shield-Bearer (level 3, 0/23 HPs)
             Began as a Gargoyle Fighter on Dec 10, 2020.
             Slain by a gnoll
             ... wielding a +0 halberd
              (6 damage)
             ... on level 3 of the Dungeon.
             The game lasted 00:02:56 (1393 turns).

timneilson the Shield-Bearer (Gargoyle Fighter)     Turns: 1393, Time: 00:02:57

Health: 0/23       AC: 12    Str: 20    XL:     3   Next: 97%
Magic:  3/3        EV:  7    Int:  8    God:
Gold:   135        SH:  9    Dex:  9    Spells: 2/2 levels left

rFire    . . .     SeeInvis .   a - +1 long sword
rCold    . . .     Faith    .   c - +0 kite shield
rNeg     + . .     Spirit   .   p - +1 scale mail {rPois}
rPois    ∞         Reflect  .   (no helmet)
rElec    +         Harm     .   l - +0 cloak (curse)
rCorr    .         Rampage  .   (no gloves)
Will     .....                  (no boots)
Stlth    +.........             (no amulet)
HPRegen  0.07/turn              (no ring)
MPRegen  0.08/turn              n - ring of stealth

@: no status effects
A: negative energy resistance 1, electricity resistance, unbreathing,
petrification resistance, rot immunity, AC +3
a: no special abilities


You were on level 3 of the Dungeon.
You visited 1 branch of the dungeon, and saw 3 of its levels.

You collected 135 gold pieces.

Inventory:

Hand Weapons
 a - a +1 long sword (weapon)
Armour
 c - a +0 kite shield (worn)
 k - a +0 plate armour
 l - a cursed +0 cloak (worn)
 o - a +0 chain mail
 p - a +1 scale mail of poison resistance (worn)
Jewellery
 m - an uncursed ring of ice
 n - a ring of stealth (right hand)
Scrolls
 g - 2 scrolls of remove curse
Potions
 b - a potion of haste {unknown}
 d - a potion of might
 h - a potion of flight
 i - a potion of curing
 j - a potion of heal wounds
 r - a potion of berserk rage {unknown}
 s - a potion of invisibility {unknown}


   Skills:
 + Level 3.6 Fighting
 * Level 2.4 Long Blades
 * Level 3.9 Armour
 * Level 3.9 Shields


You had 2 spell levels left.
You didn't know any spells.
Your spell library was empty.

Dungeon Overview and Level Annotations

Branches:
Dungeon (3/15)

Altars:
Xom


Innate Abilities, Weirdness & Mutations

You are resistant to torment.
Your stone body is resilient. (AC +3)
You are immune to poison.
You resist negative energy. (rN+)
You are resistant to electric shocks. (rElec)
You can survive without breathing.
You are immune to petrification.
You are immune to rotting.


Message History

The gnoll is heavily wounded.
You block the gnoll's attack. The gnoll hits you but does no damage.
You hit the gnoll.
The gnoll is severely wounded.
The gnoll hits you from afar with a +0 halberd.
The gnoll completely misses you.
You slash the gnoll!
You kill the gnoll!
You block the gnoll's attack. The gnoll hits you but does no damage.
You slash the gnoll!
The gnoll is severely wounded.
The gnoll hits you from afar with a +0 halberd.
You block the gnoll's attack.
The gnoll hits you from afar with a +0 halberd.
You hit the gnoll.
The gnoll is almost dead.
The gnoll hits you with a +0 whip.
* * * LOW HITPOINT WARNING * * *
The gnoll hits you from afar with a +0 halberd.
You die...

# #.. #...########
..[..>..$..#
.......g.#....g.
########g# ##### #@#
#.#### #....#
#########.## #. #.#
.........#[####..#.##
######.###.........
##.#.####..#.####
##.## #..#.#... #.#
#....#.##


You could see 2 gnolls.

Vanquished Creatures
  A gnoll (D:3)
  An adder (D:3)
  2 oozes
  2 dart slugs
  A giant cockroach (D:1)
  5 goblins
  3 hobgoblins
  5 kobolds
  3 bats
  2 rats (D:1)
25 creatures vanquished.

Notes
Turn   | Place    | Note
-------+----------+-------------------------------------------
     0 | D:1      | timneilson the Gargoyle Fighter began the quest for the
                  | Orb.
     0 | D:1      | Reached XP level 1. HP: 14/14 MP: 1/1
     1 | D:1      | Found a runed translucent door.
     1 | D:1      | You fall into a shaft and drop 1 floor!
     1 | D:2      | Found a shimmering altar of Xom.
     1 | D:2      | Found a shimmering altar of Xom.
     1 | D:2      | Found a shimmering altar of Xom.
     2 | D:2      | Found a shimmering altar of Xom.
    96 | D:1      | Reached XP level 2. HP: 19/19 MP: 2/2
   164 | D:1      | You fall into a shaft and drop 1 floor!
   464 | D:1      | Reached XP level 3. HP: 23/23 MP: 3/3
  1393 | D:3      | Slain by a gnoll

Illustrated notes

Levels and vault maps discovered:
D:1:      dpeg_arrival_caged_fury, layout_basic
D:2:      layout_loops_ring, xom_redecorated
D:3:      layout_loops_ring, grunt_ashenzari_visionary
          [grunt_ashenzari_visionary_shoals, grunt_ashenzari_visionary_spider]

Skill      XL: |  1 |
---------------+----+-----
Long Blades    | 2 |  2.4
Fighting       | |  3.6
Armour         | |  3.9
Shields        | |  3.9

Action                   || total
-------------------------++-------
Melee: Long sword        ||    79
  Use: Scroll            ||     9
Armor: Scale mail        ||    41
Dodge: Dodged            ||    23
Block: Kite shield       ||    55
       Rpst.: Long sword ||     7

Table legend: (Time is in decaauts)
 A = Elapsed time spent in this place.
 B = Non-inter-level travel time spent in this place.
 C = Inter-level travel time spent in this place.
 D = Time resting spent in this place.
 E = Time spent auto-exploring this place.
 F = Levels seen in this place.
 G = Mean time per level.
                   A        B        C        D        E       F      G
               +--------+--------+--------+--------+--------+-----+--------+
         Total |   1423 |   1352 |     71 |      0 |    993 |   3 |  474.3 |
       Dungeon |   1423 |   1352 |     71 |      0 |    993 |   3 |  474.3 |
               +--------+--------+--------+--------+--------+-----+--------+

Top non-repeatable levels by time:
     D:1: 700 daAuts
     D:2: 634 daAuts
     D:3: 88 daAuts
